Cogmind - Beta 14 @@@ ROGUE MODE // 2024.08.25 @ 22:35:03 Player: Nuclear Winter Man Result: Destroyed by B-75 Beast with Heavy Machine Gun Performance ------------- Evolutions (3) 1500 Regions Visited (6) 1200 Robots Destroyed (30) 150 Value Destroyed (1032) 1032 Prototype IDs (0) 0 Alien Tech Used (0) 0 Bonus (0) 0 TOTAL SCORE: 3882 Bonus ------- None Cogmind --------- Core Integrity 0/700 Matter 300/300 Energy 98/100 System Corruption 2% Temperature Cool (0) Movement Rolling (80) Location -7/Lower Caves Parts ------- > --- POWER (1) -------- (None) > --- PROPULSION (4) --- Wheel > --- UTILITY (4) ------ Improved Heat Sink Advanced Weight Redist. System > --- WEAPON (4) ------- Beam Rifle > --- INVENTORY (5) ---- Aluminum Leg Makeshift Leg Peak State ------------ > --- POWER ------------ Deuterium Engine > --- PROPULSION ------- Aluminum Leg Aluminum Leg Aluminum Leg Aluminum Leg > --- UTILITY ---------- Heat Sink Medium Storage Unit Advanced Terrain Scan Processor Hardlight Generator > --- WEAPON ----------- Heavy Missile Launcher Heavy Missile Launcher Heavy Missile Launcher Heavy Missile Launcher > --- INVENTORY -------- Light Ion Engine Wheel Weight Redist. System Small Laser Beam Rifle Assault Rifle EMP Blaster [Rating: 33] Favorites ----------- Power Light Ion Engine Engine Light Ion Engine Power Core Nuclear Core Propulsion Aluminum Leg Leg Aluminum Leg Wheel Wheel Flight Unit Flight Unit Utility Weight Redist. System Device Weight Redist. System Storage Medium Storage Unit Processor Advanced Terrain Scan Processor Weapon Shotgun Energy Gun Small Laser Ballistic Gun Shotgun Launcher Heavy Missile Launcher Build | -11 -10 -9 -8 -7 -7 -7 ------- Run | Yrd Mat Mat Mat Fac Low Low Slots Evolved 6 | . . 2 2 2 . . Power . | . . . . . . . Propulsion 2 | . . 2 . . . . Utility 2 | . . . 1 1 . . Weapon 2 | . . . 1 1 . . Parts Attached 47 | 6 1 11 9 8 12 . Power 5 | 1 . . 2 . 2 . Engine 4 | 1 . . 1 . 2 . Core 1 | . . . 1 . . . Reactor . | . . . . . . . Propulsion 16 | 2 . 7 2 . 5 . Treads . | . . . . . . . Leg 10 | 2 . 4 2 . 2 . Wheel 2 | . . . . . 2 . Hover . | . . . . . . . Flight 4 | . . 3 . . 1 . Utility 9 | 1 . 1 2 2 3 . Device 5 | . . 1 . 1 3 . Storage 2 | 1 . . 1 . . . Processor 2 | . . . 1 1 . . Hackware . | . . . . . . . Protection . | . . . . . . . Artifact . | . . . . . . . Weapon 17 | 2 1 3 3 6 2 . Energy Gun 3 | 1 . . . . 2 . Energy Cannon . | . . . . . . . Ballistic Gun 8 | 1 . 2 3 2 . . Ballistic Cannon . | . . . . . . . Launcher 6 | . 1 1 . 4 . . Special Weapon . | . . . . . . . Impact Weapon . | . . . . . . . Slashing Weapon . | . . . . . . . Piercing Weapon . | . . . . . . . Special Melee Weapon . | . . . . . . . Unidentified Prototypes . | . . . . . . . Parts Lost 15 | . . 1 1 6 2 5 Power 2 | . . . . . 1 1 Propulsion 9 | . . 1 1 4 1 2 Utility 1 | . . . . . . 1 Weapon 3 | . . . . 2 . 1 Highest Loss Streak 5 | . . 1 1 4 2 5 To Critical Strikes . | . . . . . . . Average Slot Usage (%) 69 | . 85 78 93 61 57 69 Engine 6 | . 14 11 2 5 3 7 Leg 17 | . 28 31 31 12 7 7 Wheel 5 | . . . . . 13 15 Flight 1 | . . 3 . . 1 . Device 10 | . . 2 9 9 15 23 Storage 5 | . 14 11 9 6 . . Processor 2 | . . . 7 6 . . Energy Gun 6 | . 5 . . . 15 15 Ballistic Gun 8 | . 14 14 27 4 . . Launcher 4 | . 8 3 . 13 . . Peak Build Rating 33 | 6 6 11 17 33 21 19 Average Rating 14 | 4 6 8 15 19 14 18 On Entrance 8 | . 6 6 11 17 . 19 Naked Turns 80 | . . . . 80 . . Heaviest Build 53 | 11 13 15 28 53 10 10 Greatest Support 44 | 20 20 40 40 40 44 26 Greatest Overweight (x) 4 | 2 . . . 4 . . Average Overweight (x) . | . . . . . . . Largest Inventory Capacity 10 | 8 8 8 10 10 5 5 Average Capacity 7 | 7 8 8 9 9 5 5 Most Carried 8 | 3 8 8 8 7 4 2 Average Carried 4 | 2 4 7 5 6 1 2 Final Capacity 10 | 8 8 8 10 5 5 5 Final Carried 8 | 3 7 8 7 5 2 2 Class Distribution -------------------- 55% | Mutant 12% | Scavenger-Mutant 10% | Scavenger-Gunner 9% | Tank 5% | Gunner 3% | Derelict-Mutant 3% | Scavenger-Tank Dominant Class ---------------- Mutant | -10/Materials Mutant | -9/Materials Scavenger-Gunner | -8/Materials Tank | -7/Factory Mutant | -7/Lower Caves Scavenger-Mutant | -7/Lower Caves Resources | -11 -10 -9 -8 -7 -7 -7 ----------- Run | Yrd Mat Mat Mat Fac Low Low Matter Collected 1230 | 146 111 317 240 275 136 5 Remotely . | . . . . . . . Salvage Created 864 | . 136 217 277 71 163 . Parts 68 | . 13 21 22 7 5 . Haulers Intercepted 1 | . . . . 1 . . Recyclers Shooed . | . . . . . . . Parts Field Recycled . | . . . . . . . Retrieved Matter . | . . . . . . . Parts Self-Destructed 4 | . . . . . 4 . Prevented 6 | . . . . . 6 . Kills | -11 -10 -9 -8 -7 -7 -7 ------- Run | Yrd Mat Mat Mat Fac Low Low Combat Hostiles Destroyed 26 | . 6 10 6 1 3 . Guns 10 | . . 3 6 . 1 . AOE 14 | . 6 7 . 1 . . Classes Destroyed 9 | . 3 2 . 2 2 . Builder 1 | . 1 . . . . . Tunneler 1 | . . . . 1 . . Hauler 1 | . . . . 1 . . Operator 1 | . . 1 . . . . Swarmer 6 | . 3 3 . . . . Grunt 13 | . 3 6 3 . 1 . Brawler 1 | . . . . . 1 . Sentry 5 | . . 1 3 1 . . Programmer 1 | . . . . . 1 . Best Kill Streak 5 | . 4 5 2 2 1 . Combat Bots Only 5 | . 3 5 2 1 1 . Max Kills in Single Turn 3 | . 3 2 1 1 1 . Gunslinging . | . . . . . . . Exploded 3 | . 3 2 . 1 . . Melee . | . . . . . . . Uniques/NPCs Destroyed . | . . . . . . . Combat | -11 -10 -9 -8 -7 -7 -7 -------- Run | Yrd Mat Mat Mat Fac Low Low Hostile Shots Fired 252 | . 7 30 53 113 21 28 Missed 92 | . . 13 18 42 4 15 Damage Taken 2549 | . 63 261 545 1186 258 236 Core 868 | . . 40 109 575 76 68 Absorbed by Shields . | . . . . . . . Core Remaining (%) 92 | 100 100 90 80 . . . Volleys Fired 68 | . 3 18 20 6 21 . Largest 4 | . 2 2 3 4 2 . Hottest 156 | . 50 46 66 156 96 . Shots Fired 147 | . 6 24 60 15 42 . Gun 119 | . 3 12 60 2 42 . Cannon . | . . . . . . . Launcher 28 | . 3 12 . 13 . . Special . | . . . . . . . Kinetic 77 | . 3 12 60 2 . . Thermal 42 | . . . . . 42 . Explosive 28 | . 3 12 . 13 . . Electromagnetic . | . . . . . . . Robot Hit Streak 6 | . 1 4 6 6 6 . Robot Miss Streak 5 | . 3 5 4 1 4 . Penetration Max . | . . . . . . . Secondary Targets . | . . . . . . . Shots Hit Robots 75 | . 2 13 28 10 22 . Core Hits 61 | . 10 20 16 10 5 . Critical Kills . | . . . . . . . Critical Parts Destroyed . | . . . . . . . Critical Strikes 3 | . . . . . 3 . Burn 3 | . . . . . 3 . Melee Attacks . | . . . . . . . Impact . | . . . . . . . Slashing . | . . . . . . . Piercing . | . . . . . . . Sneak Attacks . | . . . . . . . Combat Hostiles . | . . . . . . . Follow-up Attacks . | . . . . . . . Damage Inflicted 1988 | . 290 643 393 354 308 . Guns 806 | . . 95 389 14 308 . Cannons . | . . . . . . . Explosions 1146 | . 290 537 . 319 . . Melee . | . . . . . . . Ramming 36 | . . 11 4 21 . . Kinetic 498 | . . 95 389 14 . . Thermal 308 | . . . . . 308 . Explosive 1146 | . 290 537 . 319 . . Electromagnetic . | . . . . . . . Impact . | . . . . . . . Slashing . | . . . . . . . Piercing . | . . . . . . . Highest Corruption 2 | . . . . . 2 2 Average Corruption 1 | . . . . . 1 2 Corruption Purged . | . . . . . . . Corruption Blocked . | . . . . . . . Effects 15 | . . . . . 13 2 Message Errors 4 | . . . . . 3 1 Matter Fused 5 | . . . . . 5 . Heat Flow Errors 2 | . . . . . 2 . Energy Discharges 2 | . . . . . 1 1 Data Loss (major) 1 | . . . . . 1 . Misfires 1 | . . . . . 1 . Overload Shots . | . . . . . . . Overflow Damage 102 | . . 36 . 66 . . Projectiles . | . . . . . . . Explosions 102 | . . 36 . 66 . . Melee . | . . . . . . . Knockbacks . | . . . . . . . Impact . | . . . . . . . Kinetic . | . . . . . . . Secondary . | . . . . . . . Self-Inflicted Damage 345 | . . 58 . 287 . . Shots 7 | . . 3 . 4 . . Rammed 7 | . . . . 7 . . Targets Rammed 11 | . . 3 1 7 . . Kicked 4 | . . 3 1 . . . Crushed . | . . . . . . . Highest Temperature 253 | . . 7 . 52 253 . Average Temperature 34 | . . 3 . 24 40 . Received Heat Transfer 783 | . 18 96 297 339 9 24 Siege Activations . | . . . . . . . Robots Corrupted . | . . . . . . . Combat Hostiles . | . . . . . . . Parts Fried . | . . . . . . . Impact Corruptions . | . . . . . . . Robots Melted 2 | . . . . . 2 . Combat Hostiles 2 | . . . . . 2 . Parts Melted 4 | . . . . . 4 . Heat Transferred 904 | . . . . . 904 . Parts Sabotaged . | . . . . . . . Parts Stolen . | . . . . . . . Parts Stripped . | . . . . . . . Power Chain Reactions . | . . . . . . . Alert | -11 -10 -9 -8 -7 -7 -7 ------- Run | Yrd Mat Mat Mat Fac Low Low Peak Influence 363 | . 178 363 260 244 . . Initial 74 | . . 74 49 27 . . Average 126 | . 85 199 132 89 . . Maximum Alert Level 1 | . . 1 1 1 . . Low Security (%) 69 | 100 100 43 70 75 . . Level 1 30 | . . 56 29 24 . . Level 2 . | . . . . . . . Level 3 . | . . . . . . . Level 4 . | . . . . . . . Level 5 . | . . . . . . . High Security . | . . . . . . . Max Security . | . . . . . . . Squads Dispatched 10 | . 1 3 4 2 . . Investigation 4 | . 1 2 1 . . . Extermination 1 | . . . . 1 . . Reinforcement 2 | . . 1 . 1 . . Assault . | . . . . . . . Garrison 3 | . . . 3 . . . Intercept . | . . . . . . . Searches Triggered . | . . . . . . . Construction Impeded . | . . . . . . . Haulers Reinforced 1 | . . . . 1 . . Active Scanning Responses . | . . . . . . . Cargo Convoy Interrupts . | . . . . . . . Stealth | -11 -10 -9 -8 -7 -7 -7 --------- Run | Yrd Mat Mat Mat Fac Low Low Distress Signals 3 | . . 2 1 . . . Communications Jammed . | . . . . . . . Distress Signals . | . . . . . . . Times Spotted 44 | . 6 17 11 6 3 1 Peak Tracking Total 5 | . 3 4 5 5 1 1 Tactical Retreats 5 | . . 2 1 2 . . Traps | -11 -10 -9 -8 -7 -7 -7 ------- Run | Yrd Mat Mat Mat Fac Low Low Traps Triggered 1 | . . 1 . . . . Indirectly . | . . . . . . . Trap Hack Attempts . | . . . . . . . Triggered . | . . . . . . . Disarmed . | . . . . . . . Reprogrammed . | . . . . . . . Reused . | . . . . . . . Traps Extracted . | . . . . . . . Installed . | . . . . . . . Triggered 3 | . . . . . 3 . Machines | -11 -10 -9 -8 -7 -7 -7 ---------- Run | Yrd Mat Mat Mat Fac Low Low Machines Disabled 8 | . 1 . . 7 . . Max in Single Turn 6 | . 1 . . 6 . . Machines Repaired . | . . . . . . . Machines Dismantled . | . . . . . . . Machines Sabotaged . | . . . . . . . Overloaded Fab Kills . | . . . . . . . Hacking | -11 -10 -9 -8 -7 -7 -7 --------- Run | Yrd Mat Mat Mat Fac Low Low Machines Accessed 8 | . 3 4 1 . . . Terminals 8 | . 3 4 1 . . . Fabricators . | . . . . . . . Repair Stations . | . . . . . . . Recycling Units . | . . . . . . . Scanalyzers . | . . . . . . . Garrison Access . | . . . . . . . Total Hacks 28 | . 12 13 3 . . . Successful 13 | . 5 6 2 . . . Failed 15 | . 7 7 1 . . . Catastrophic 2 | . 2 . . . . . Database Lockouts . | . . . . . . . Manual 3 | . . 2 1 . . . Terminals 28 | . 12 13 3 . . . Fabricators . | . . . . . . . Repair Stations . | . . . . . . . Recycling Units . | . . . . . . . Scanalyzers . | . . . . . . . Garrison Access . | . . . . . . . Terminal Hacks 13 | . 5 6 2 . . . Record 1 | . . 1 . . . . Alert Level 5 | . 1 3 1 . . . Unreport Threat 1 | . . 1 . . . . Dispatch Records 1 | . 1 . . . . . Assault Status 1 | . 1 . . . . . Zone Layout 4 | . 2 1 1 . . . Fabricator Hacks . | . . . . . . . Repair Station Hacks . | . . . . . . . Recycling Unit Hacks . | . . . . . . . Scanalyzer . | . . . . . . . Garrison Access Hacks . | . . . . . . . Unauthorized Hacks . | . . . . . . . Terminals . | . . . . . . . Fabricators . | . . . . . . . Repair Stations . | . . . . . . . Recycling Units . | . . . . . . . Scanalyzers . | . . . . . . . Garrison Access . | . . . . . . . Data Cores Recovered 1 | . . 1 . . . . Used . | . . . . . . . Hacking Detections 7 | . 3 3 1 . . . Full Trace Events 3 | . 1 1 1 . . . Feedback Events . | . . . . . . . Feedback Blocked . | . . . . . . . Robot Schematics Acquired . | . . . . . . . Robots Built . | . . . . . . . Authchips . | . . . . . . . Time . | . . . . . . . Total Robot Build Rating . | . . . . . . . Part Schematics Acquired . | . . . . . . . Parts Built . | . . . . . . . Authchips . | . . . . . . . Time . | . . . . . . . Total Part Build Rating . | . . . . . . . Parts Repaired . | . . . . . . . Time . | . . . . . . . Parts Recycled . | . . . . . . . Recycled Matter . | . . . . . . . Retrieved Matter . | . . . . . . . Retrieved Components . | . . . . . . . Parts Scanalyzed . | . . . . . . . Part Schematics Acquired . | . . . . . . . Parts Damaged . | . . . . . . . Bothacking | -11 -10 -9 -8 -7 -7 -7 ------------ Run | Yrd Mat Mat Mat Fac Low Low Used RIF Installer . | . . . . . . . Robots Hacked . | . . . . . . . Non-combat . | . . . . . . . Combat . | . . . . . . . Robot Hacks Applied . | . . . . . . . Relay Couplers Released . | . . . . . . . Fabnet Peak Effective % . | . . . . . . . Robots Rewired . | . . . . . . . Allies Hacked . | . . . . . . . Hacks Repelled . | . . . . . . . Allies | -11 -10 -9 -8 -7 -7 -7 -------- Run | Yrd Mat Mat Mat Fac Low Low Total Allies . | . . . . . . . Largest Group . | . . . . . . . Highest-Rated Group . | . . . . . . . Highest-Rated Ally . | . . . . . . . Total Orders . | . . . . . . . Ally Attacks . | . . . . . . . Total Damage . | . . . . . . . Kills . | . . . . . . . Allies Corrupted . | . . . . . . . Allies Melted . | . . . . . . . Intel | -11 -10 -9 -8 -7 -7 -7 ------- Run | Yrd Mat Mat Mat Fac Low Low Robot Analysis Total . | . . . . . . . Derelict Logs Recovered 2 | . . . . . 2 . Drone Launches . | . . . . . . . Drone Recoveries . | . . . . . . . Exploration | -11 -10 -9 -8 -7 -7 -7 ------------- Run | Yrd Mat Mat Mat Fac Low Low Turns Passed 3348 | 71 262 579 419 699 1136 182 Spaces Moved 2931 | 55 206 534 280 424 1229 203 Core 179 | 12 . . . 167 . . Treads . | . . . . . . . Legs 1184 | 43 206 388 280 257 10 . Wheels 1267 | . . . . . 1064 203 Hover . | . . . . . . . Flight 301 | . . 146 . . 155 . Fastest Speed 34 | 50 120 34 120 50 65 90 Average Speed 104 | 109 120 96 120 154 85 90 Slowest Speed 400 | 150 120 120 120 400 130 90 Overloaded Moves . | . . . . . . . Propulsion Burnouts . | . . . . . . . Robots Hopped . | . . . . . . . Cave-ins Triggered . | . . . . . . . Exploration Rate (%) 33 | 4 43 40 22 13 92 21 Regions Visited 6 Branch Regions 2 Pre-discovered Areas 1 | . . . . . 1 . Known Exits Taken . | . . . . . . . Unknown Exits Taken 6 | 1 1 1 1 1 1 . Scrap Searched 1 | . . . . . 1 . Spaces Dug . | . . . . . . . Terrain Destroyed 235 | . 9 78 . 148 . . Melee . | . . . . . . . Projectile . | . . . . . . . AOE 235 | . 9 78 . 148 . . Terrain Rammed . | . . . . . . . Walls Destroyed . | . . . . . . . Machines Disabled . | . . . . . . . Actions | -11 -10 -9 -8 -7 -7 -7 --------- Run | Yrd Mat Mat Mat Fac Low Low Total 3094 | 63 215 573 317 458 1265 203 Wait . | . . . . . . . Move 2925 | 54 205 533 279 423 1228 203 Hop . | . . . . . . . Pick Up 15 | 3 5 2 2 1 2 . Fast Attach 27 | 6 . 5 3 6 7 . Attach 14 | . . 5 2 2 5 . Detach 5 | . . 4 . . 1 . Swap 6 | . 1 1 4 . . . Drop 23 | . 1 2 6 13 1 . Fire 68 | . 3 18 20 6 21 . Melee . | . . . . . . . Ram 7 | . . . . 7 . . Kick 4 | . . 3 1 . . . Crush . | . . . . . . . Escape Stasis . | . . . . . . . Rewire . | . . . . . . . Trap . | . . . . . . . Miscellaneous . | . . . . . . . Route ------- -11/Scrapyard -10/Materials (discovered 2 exits: *Mat / [*Min]) -9/Materials (discovered 3 exits: *Mat x2 / [*Min]) -8/Materials -7/Factory -7/Lower Caves -7/Lower Caves History --------- Turn | Location | Event 13 | -11/Scrapyard | Discovered new exit (range 16) 72 | -11/Scrapyard | Entered Materials 129 | -10/Materials | Discovered new exit (range 16) 163 | -10/Materials | Discovered new exit (range 10) 315 | -10/Materials | Build established: Mutant 334 | -10/Materials | Entered another Materials area 334 | -9/Materials | Evolved 2 slots: Propulsion x2 689 | -9/Materials | Discovered new exit (range 12) 896 | -9/Materials | Discovered new exit (range 13) 907 | -9/Materials | Discovered new exit (range 12) 913 | -9/Materials | Entered another Materials area 913 | -8/Materials | Evolved 2 slots: Utility x1, Weapon x1 1040 | -8/Materials | Garrison activated, responded to threat 1269 | -8/Materials | Discovered new exit (range 11) 1332 | -8/Materials | Entered Factory 1332 | -7/Factory | Evolved 2 slots: Utility x1, Weapon x1 1582 | -7/Factory | Lost 4 parts (3n1w) 1838 | -7/Factory | Build established: Tank 1947 | -7/Factory | Core integrity fell below 50% 2017 | -7/Factory | Core integrity fell below 20% 2026 | -7/Factory | Discovered new exit (range 5) 2031 | -7/Factory | Entered Lower Caves 2071 | -7/Lower Caves | Learned location of Zion (-6) 2080 | -7/Lower Caves | Learned 4 Factory zone layouts 2151 | -7/Lower Caves | Build established: Mutant 3059 | -7/Lower Caves | Discovered new exit (range 13) 3167 | -7/Lower Caves | Entered another Lower Caves area 3225 | -7/Lower Caves | Build established: Scavenger-Mutant 3249 | -7/Lower Caves | Spotted B-75 Beast 3349 | -7/Lower Caves | Destroyed by B-75 Beast with Heavy Machine Gun Last Messages --------------- Acquired Lgt. Deuterium Engine. Acquired Imp. Heat Sink. Destroyed Trap Scanner. M-14 Sweeper suffers critical hit (Burn). Acquired 20 matter. System corrupted: Matter fused (-6). EXIT=FOUND System corrupted: Energy discharge (-56). System corrupted: Matter fused (-8). System corrupted: Matter fused (-7). LOCATION=UNKNOWN GOAL=ESCAPE System corrupted: Energy discharge (-42). Acquired 5 matter. Z1VF519YSE/QXQQ,F DZ7XAO27MKMVW Lgt. Deuterium Engine destroyed. Sml. Laser destroyed. Carbon-fiber Leg destroyed. Weight Redist. System destroyed. Com. Wheel destroyed. Map ----- +----------------------------------------------------+ | ?????????????????????????????????????????????????? | | ???????????????????????????????????????????????##? | | ???????????????????????????????????????????????# # | | ???????????????????????????????????????????##??# | | ???????????????????????????????????????????# ### | | ???????????????????????????????????????????# | | ??????????????????????????????????????????## | | ??????????????????????????????????????????# | | ?????????????????????????????????????????## | | ???????????####??????????????????????????#" | | ???????????# ##?????????????????????????# | | ???????????# ######????????????????????# | | ???????????## ## ###???????????????????# | | ????????????# #????????????????????# | | ????????????# #??????????######???## | | ????????????## #?????????## ##??# | | ?????????????## ####?????## #??# | | ??????????????### # #????## #??# | | ????????????????## ##;##???# #??# ## | | ?????????????????# #% ##??# #??## #?# | | ?????????????????# ##?# #######??# | | ?????????????????####% ### ## ## ##??## | | ????????????????????## #; ## ### ## #### | | ?????????????????????#### BB #?# ## ## | | ????????????????????????# BB #?# # | | ????????????????????????#@ ####?## ## | | ????????????????????????# % #?????# ##? | | ???????????????????????# #########?? | | ?????????????????????? ######## #?????????? | | ???????????????????? %! #####??????# #?????????? | | ??????????????????? #???????????# #?????????? | | ??????????????????# ???????????? ?????????? | | ??????????????????# ??????????? ?????????? | | ??????????????????# #??????????? ?????????? | | ??????????????????## ??????????? ?????????? | | ???????????????????## ??????????? ?????????? | | ????????????????????## ??????????###### ?????????? | | ?????????????????????#????????????????? ?????????? | | ??????????????????????????????????????? ?????????? | | ???????????????????????????????????????#?????????? | | ?????????????????????????????????????????????????? | | ?????????????????????????????????????????????????? | | ?????????????????????????????????????????????????? | | ?????????????????????????????????????????????????? | | ?????????????????????????????????????????????????? | | ?????????????????????????????????????????????????? | | ?????????????????????????????????????????????????? | | ?????????????????????????????????????????????????? | | ?????????????????????????????????????????????????? | | ?????????????????????????????????????????????????? | +----------------------------------------------------+ Best States ------------- Heat Dissipation 48 Energy Generation 14 Energy Capacity 275 Matter Stores 300 Matter Capacity 300 Sight Range 16 Terrain Scan Density 210 Additional Mass Support 9 Evasion (%) 63 Item Schematics ----------------- None Robot Schematics ------------------ None Fabricated ------------ Nothing Alien Tech Used ----------------- None Achievements -------------- It's Just You Made in Tau Ceti IV Remodeling Troublemaker Challenges ------------ None Game ------ Seed FlakCompactLog Manual? 0 Play Time 00:39:18 Cumulative 3.1 hours Start 2024.08.25 @ 21:48:41 End 2024.08.25 @ 22:35:03 Sessions 1 Manual Loads 0 Difficulty Rogue Special Mode None Game No. 9 Rogue 9 Adventurer 0 Explorer 0 Win Type - Total 0 Types 0/0/0/0/0/0/0/0/0 Lore% 2 Gallery% 6 Achievement% 6 Wizard Run 0 Options --------- Layout 0 ASCII 0 Keyboard 0 Movement Arrows Keybinds 0 Fullscreen 1 Font 18/SmallcapsGlow Map View 76x50 Zoom Use 0% Tactical HUD 0 Map Filters NONE Filters NONE Steam 1 RUN: b9d54b4d-d125-4ace-860e-74a07b142a85